 Dungeon Crawl Stone Soup version 0.31-a0-145-g046c7d2549 (webtiles) character file.

Game seed: 12205548342330383120

3728 Sabo the Cleaver (level 10, -1/77 HPs)
             Began as a Formicid Fighter on June 4, 2023.
             Was a Follower of Ashenzari.
             Slain by a two-headed ogre
             ... wielding a +0 halberd
              (13 damage)
             ... in a bailey.
             The game lasted 00:34:16 (7168 turns).

Sabo the Cleaver (Formicid Fighter)                 Turns: 7168, Time: 00:34:17

Health: -1/77      AC: 21    Str: 30    XL:     10   Next: 36%
Magic:  10/10      EV:  8    Int:  7    God:    Ashenzari [*.....]
Gold:   341        SH:  6    Dex: 15    Spells: 9/9 levels left

rFire   . . .        a - +2 war axe
rCold   . . .        c - +0 buckler
rNeg    . . .        m - +0 plate armour
rPois   .            (helmet unavailable)
rElec   .            i - +0 cloak
rCorr   .            n - +1 pair of gloves
SInv    +            (no boots)
Will    +....        h - amulet of magic regeneration Stlth
                     f - ring of the Chained Cynicism {AC+4, Melee, Fort} (curse)
HPRegen 0.32/turn    r - ring "Thunder Perfect Mind" {Str+6, Cun, Evo} (curse)
MPRegen 0.52/turn

%: no passive effects
@: no status effects
A: permanent stasis, dig shafts and tunnels, antennae 3, four strong arms
a: Dig, Renounce Religion, Curse Item, Shatter the Chains


You were in a bailey.
You worshipped Ashenzari.
Ashenzari was aware of your devotion.
You visited 1 branch of the dungeon, and saw 7 of its levels.
You also visited: Bailey.

You collected 341 gold pieces.

Inventory:

Hand Weapons
 a - a +2 war axe (weapon)
 k - a +1 short sword of distortion
 o - a +4 halberd of freezing
 p - a +3 heavy mace
 x - a +2 hand axe of draining
 y - the +5 dagger of the Orcish Mines {speed, Int+6}
   (You found it on level 6 of the Dungeon)

   Int:       It affects your intelligence (+6).
 z - a +0 shortbow
 A - a +4 great sword
 D - a +0 demon blade
Missiles
 v - 4 atropa-tipped darts
 B - 5 poisoned darts
Armour
 c - a +0 buckler (worn)
 i - a +0 cloak (worn)
 m - a +0 plate armour (worn)
 n - a +1 pair of gloves (worn)
Jewellery
 f - the cursed ring of the Chained Cynicism (left hand) {AC+4, Melee, Fort}
   (You found it on level 5 of the Dungeon)

   [ring of protection]

   AC:        It affects your AC (+4).
   It has a curse which improves the following skills: Melee Combat: Short
   Blades, Long Blades, Axes, Maces & Flails, Polearms, Staves and Unarmed
   Combat.
   Fortitude: Armour and Shields.
 g - a ring of flight
 h - an amulet of magic regeneration (around neck)
 r - the cursed ring "Thunder Perfect Mind" (right hand) {Str+6, Cun, Evo}
   (You found it on level 3 of the Dungeon)

   [ring of strength]

   Str:       It affects your strength (+6).
   It has a curse which improves the following skills: Cunning: Dodging and
   Stealth.
   Evocations: Evocations.
Wands
 w - a wand of roots (8)
 C - a wand of mindburst (24)
Scrolls
 e - 2 scrolls of fog
 j - a scroll of poison
Potions
 d - a potion of might
 l - 2 potions of enlightenment
 s - 3 potions of curing
 t - a potion of mutation
 u - a potion of resistance


   Skills:
 + Level 6.3 Fighting
 + Level 10.1(10.9) Axes
 + Level 7.8(8.7) Armour
 + Level 1.0(1.5) Dodging
 + Level 1.0(1.5) Stealth
 + Level 8.9(9.7) Shields


You had 9 spell levels left.
You didn't know any spells.
Your spell library contained the following spells:

 Spells                   Type           Power      Damage    Failure   Level
 Slow                     Hex            0%         N/A       99%         1
 Confusing Touch          Hex            0%         N/A       100%        3
 Vampiric Draining        Necr           0%         2d6       100%        3


Dungeon Overview and Level Annotations

Branches:
Dungeon (7/15)             Temple (0/1) D:4          Bailey (1/1)

Altars:
Ashenzari
Dithmenos
Elyvilon
Fedhas
Ru


Innate Abilities, Weirdness & Mutations

You cannot be hasted, slowed, berserked, paralysed or teleported.
You can dig through walls and to a lower floor.
You have a pair of large antennae on your head. (SInv)
Your four strong arms can wield two-handed weapons with a shield.


Message History

The spriggan is lightly wounded.
The spriggan barely misses you.
You slash the spriggan!
The spriggan is heavily wounded.
The spriggan hits you with a +0 trident.
* * * LOW HITPOINT WARNING * * *
You feel much better. You block the spriggan's attack.
You hit the spriggan but do no damage.
The spriggan is heavily wounded.
The spriggan hits you with a +0 trident!
You closely miss the spriggan.
The spriggan is heavily wounded.
A two-headed ogre comes into view. It is wielding two +0 halberds.
You block the spriggan's attack.
You closely miss the spriggan.
The spriggan is heavily wounded.
The spriggan hits you but does no damage.
You barely miss the spriggan.
The spriggan is heavily wounded.
The two-headed ogre hits you from afar with a +0 halberd!
* * * LOW HITPOINT WARNING * * *
The two-headed ogre hits you from afar with a +0 halberd!
* * * LOW HITPOINT WARNING * * *
The spriggan hits you with a +0 trident.
* * * LOW HITPOINT WARNING * * *
As you read the scroll of enchant weapon, it crumbles to dust.
Your +0 war axe glows red for a moment.
The spriggan hits you but does no damage.
The two-headed ogre hits you but does no damage.
The two-headed ogre completely misses you.
As you read the scroll of enchant weapon, it crumbles to dust.
Your +1 war axe glows red for a moment.
A steam dragon comes into view.
The spriggan hits you but does no damage.
The steam dragon hisses angrily.
You slash the spriggan!
You kill the spriggan!
The two-headed ogre hits you but does no damage.
The two-headed ogre hits you from afar with a +0 halberd!
You die...

#..~~~. #.
#..~~~. #..
#).~~~. #..
#).~~~. #...
#..~)). #...
##..###. #.O#
♣#..## #.
#.)## #♣..##
##
#.@#######..##
#
##.).......##
##.......##
#########


You could see a two-headed ogre.

Vanquished Creatures
  The ghost of bungle the Cleaver, a novice DsGl (D:6)
  5 spriggans (Bailey)
  A water moccasin (D:6)
  5 black bears
  A sky beast (D:6)
  6 ogres
  A centaur (D:6)
  A wolf (D:7)
  2 phantoms
  A gnoll sergeant (D:7)
  A scorpion (D:6)
  5 wights (D:6)
  5 hounds
  3 jellies
  3 orc wizards
  5 iguanas
  6 gnolls
  6 adders
  A shadow imp (D:7)
  2 white imps
  A worm (D:5)
  4 dart slugs
  19 orcs
  14 ball pythons
  6 endoplasms
  6 giant cockroaches
  8 goblins
  3 hobgoblins
  7 jackals
  10 kobolds
  3 quokkas
  5 bats
  6 frilled lizards
  3 rats
156 creatures vanquished.

Notes
Turn   | Place    | Note
-------+----------+-------------------------------------------
     0 | D:1      | Sabo the Formicid Fighter began the quest for the Orb.
     0 | D:1      | Reached XP level 1. HP: 18/18 MP: 1/1
    44 | D:1      | Reached XP level 2. HP: 24/24 MP: 2/2
   392 | D:1      | Reached XP level 3. HP: 19/29 MP: 3/3
   482 | D:1      | Found a faded altar of an unknown god.
  1296 | D:2      | Reached XP level 4. HP: 36/37 MP: 4/4
  1770 | D:2      | Reached skill level 3 in Axes
  2044 | D:3      | Found a white marble altar of Elyvilon.
  2102 | D:3      | Found a broken altar of Ashenzari.
  2107 | D:3      | Found a sacrificial altar of Ru.
  2107 | D:3      | Found a blossoming altar of Fedhas.
  2153 | D:3      | Found a shadowy altar of Dithmenos.
  2177 | D:3      | Became a worshipper of Ashenzari the Shackled
  2575 | D:4      | Reached XP level 5. HP: 39/42 MP: 5/5
  2578 | D:4      | Noticed an ogre
  2589 | D:4      | Killed an ogre
  2590 | D:4      | Reached skill level 4 in Axes
  2590 | D:4      | Reached skill level 5 in Shields
  2590 | D:4      | Reached XP level 6. HP: 32/48 MP: 6/6
  2695 | D:4      | Noticed a black bear
  2700 | D:4      | Killed a black bear
  2953 | D:4      | Reached XP level 7. HP: 33/54 MP: 7/7
  3145 | D:4      | Found a staircase to the Ecumenical Temple.
  3149 | D:4      | Reached skill level 5 in Axes
  3628 | D:5      | Entered Level 5 of the Dungeon
  3785 | D:5      | Reached skill level 6 in Axes
  3956 | D:5      | Reached XP level 8. HP: 61/61 MP: 8/8
  4049 | D:5      | Reached skill level 5 in Armour
  4301 | D:5      | Reached * piety under Ashenzari
  4825 | D:6      | Reached skill level 7 in Axes
  4964 | D:6      | Identified the +5 dagger of the Orcish Mines {speed, Int+6}
  5312 | D:6      | Reached skill level 5 in Fighting
  5339 | D:6      | Reached XP level 9. HP: 36/68 MP: 9/9
  5480 | D:6      | Reached skill level 8 in Axes
  6392 | D:6      | Found a runed translucent door.
  6397 | D:6      | Noticed bungle's ghost (novice DsGl)
  6521 | D:6      | Killed bungle's ghost
  6733 | D:7      | Reached skill level 9 in Axes
  6762 | D:7      | Found a flagged portal.
  6797 | D:7      | Reached XP level 10. HP: 59/76 MP: 10/10
  6838 | Bailey   | Entered a bailey
  7027 | Bailey   | Reached skill level 1 in Stealth
  7125 | Bailey   | Reached skill level 10 in Axes
  7125 | Bailey   | Reached skill level 1 in Dodging
  7126 | Bailey   | Identified the +6 ice dragon scales of Elyvilon, Teaching
                  | {rF- rC++ Regen+}
  7163 | Bailey   | Noticed a two-headed ogre
  7168 | Bailey   | Slain by a two-headed ogre

Illustrated notes

Levels and vault maps discovered:
D:1:      dpeg_arrival_simpleton_c, layout_basic,
          shapermc_ecumenical_altar_petra, minmay_octomino_j4
D:2:      layout_rooms
D:3:      layout_basic, minmay_overflow_temple_star_hex
D:4:      layout_loops_ring, minmay_temple_entry_junction
D:5:      layout_loops_corners
D:6:      layout_basic, ebering_ghost_reflecting_pool
D:7:      layout_cave_pools, enter_bailey_5, serial_gnoll_camp,
          gnoll_camp_mini_doghouse, gnoll_camp_huts_basic, gnoll_camp_mini_shop,
          gnoll_camp_mini_hut, gnoll_camp_mini_sergeant
Bailey:   bailey_polearm_enchanted_keep_hellmonk, bailey

Skill      XL: |  1  2  3  4  5  6  7  8  9 10 |
---------------+-------------------------------+-----
Axes           | 3 4 6 7 9 10 | 10.1
Armour         | 4 5 6 7 |  7.8
Shields        | 5 6 7 8 |  8.9
Fighting       | 4 5 6 |  6.3
Stealth        | 1 |  1.0
Dodging        | 1 |  1.0

Action                     |  1- 3 |  4- 6 |  7- 9 | 10-12 || total
---------------------------+-------+-------+-------+-------++-------
  Melee: War axe           |   101 |   133 |   267 |    80 ||   581
 Invoke: Curse Item        |       |     1 |     1 |       ||     2
    Use: Scroll            |     1 |     6 |     1 |     2 ||    10
         Potion            |       |       |       |     1 ||     1
 Armour: Scale mail        |    28 |       |       |       ||    28
         Plate armour      |    16 |    91 |   164 |    32 ||   303
         Chain mail        |     4 |       |       |       ||     4
  Dodge: Dodged            |    45 |    57 |    80 |    23 ||   205
  Block: Buckler           |    29 |    54 |    77 |    23 ||   183

Table legend: (Time is in decaauts)
 A = Elapsed time spent in this place.
 B = Non-inter-level travel time spent in this place.
 C = Inter-level travel time spent in this place.
 D = Time resting spent in this place.
 E = Time spent auto-exploring this place.
 F = Levels seen in this place.
 G = Mean time per level.
                   A        B        C        D        E       F      G
               +--------+--------+--------+--------+--------+-----+--------+
         Total |   7301 |   7301 |      0 |   1479 |      0 |   8 |  912.6 |
       Dungeon |   6966 |   6966 |      0 |   1308 |      0 |   7 |  995.1 |
        Bailey |    335 |    335 |      0 |    171 |      0 |   1 |  335.0 |
               +--------+--------+--------+--------+--------+-----+--------+

Top non-repeatable levels by time:
     D:6: 2062 daAuts
     D:1: 1246 daAuts
     D:4: 1098 daAuts
     D:5: 1052 daAuts
     D:3: 771 daAuts
     D:2: 608 daAuts
  Bailey: 335 daAuts
     D:7: 126 daAuts
